 Dungeon Crawl Stone Soup version 0.22-a0-322-g60b3cfd (webtiles) character file.

25246 kidcy the Carver (level 12, -7/107 HPs)
             Began as a Red Draconian Gladiator on Apr 2, 2018.
             Was a Believer of the Shining One.
             Killed by divine providence
             ... invoked by a meliai
              (11 damage)
             ... on level 4 of the Lair of Beasts.
             The game lasted 00:32:25 (16678 turns).

kidcy the Carver (Red Draconian Gladiator)         Turns: 16678, Time: 00:32:27

Health: -7/107     AC: 12    Str: 20    XL:     12   Next: 87%
Magic:  12/12      EV: 17    Int: 10    God:    the Shining One [**....]
Gold:   885        SH:  7    Dex: 13    Spells: 11/11 levels left

rFire    + + .     SeeInvis .   v - +1 scimitar (flame)
rCold    . . .     Gourm    .   u - +0 buckler
rNeg     + . .     Faith    .   (armour unavailable)
rPois    .         Spirit   .   b - +1 hat
rElec    .         Reflect  .   (no cloak)
rCorr    .         Harm     .   w - +2 pair of gloves
MR       +....                  (no boots)
Stlth    +.........             n - amulet of magic regeneration
HPRegen  0.27/turn              j - ring of protection from magic
MPRegen  0.38/turn              t - ring of protection from fire

@: lethally poisoned (-7 -> -8), berserk cooldown, very slightly contaminated,
slowed, glowing, invisible (but backlit and visible), very slow
A: breathe fire, unfitting armour, fire resistance 1, cold-blooded, AC +8
a: Breathe Fire, Divine Shield, Renounce Religion


You were on level 4 of the Lair of Beasts.
You worshipped the Shining One.
The Shining One was pleased with you.
You were hungry.

You visited 4 branches of the dungeon, and saw 14 of its levels.

You collected 885 gold pieces.

Inventory:

Hand Weapons
 a - a +4 long sword
 v - a +1 scimitar of flaming (weapon)
Missiles
 c - 4 throwing nets (quivered)
Armour
 b - a +1 hat (worn)
 u - a +0 buckler (worn)
 w - a +2 pair of gloves (worn)
Jewellery
 j - a ring of protection from magic (left hand)
 n - an amulet of magic regeneration (around neck)
 r - an uncursed ring of resist corrosion
 t - a ring of protection from fire (right hand)
 x - a +2 ring of evasion
 C - a +5 ring of strength {unknown}
 D - an uncursed ring of fire {unknown}
 K - a cursed -3 ring of intelligence {unknown}
Wands
 e - a wand of acid (6)
 o - a wand of flame (87)
 F - a wand of paralysis (10)
 H - a wand of iceblast (9)
Scrolls
 f - 3 scrolls of fog
 k - 4 scrolls of remove curse
 m - a scroll of holy word {unknown}
 y - a scroll of identify
 B - 3 scrolls of magic mapping {unknown}
 I - a scroll of brand weapon {unknown}
 J - a scroll of enchant armour
 L - a scroll of random uselessness {unknown}
Potions
 g - a potion of agility
 h - 2 potions of flight
 l - a potion of magic
 E - a potion of haste {unknown}
Comestibles
 d - 20 rations


   Skills:
 + Level 10.5 Fighting
 * Level 13.3 Long Blades
 - Level 1.7 Throwing
 + Level 9.1 Dodging
 + Level 11.2 Shields
 + Level 1.1 Invocations


You had 11 spell levels left.
You didn't know any spells.

Dungeon Overview and Level Annotations

Branches:
Dungeon (8/15)             Temple (1/1) D:7            Lair (4/6) D:8
 Shoals (1/4) Lair:3       Spider (0/4) Lair:4

Altars:
Ashenzari
Cheibriados
Dithmenos
Elyvilon
Fedhas
Gozag
Hepliaklqana
Kikubaaqudgha
Makhleb
Nemelex Xobeh
Okawaru
Qazlal
Ru
Sif Muna
Trog
Uskayaw
Vehumet
Wu Jian
Yredelemnul
Zin
The Shining One

Annotations:
Lair:3 exclusion: 5 oklob plants


Innate Abilities, Weirdness & Mutations

You can breathe blasts of fire.
Your fiery red scales are hard. (AC +8)
You cannot fit into any form of body armour.
Your flesh is heat resistant. (rF+)
You are cold-blooded and may be slowed by cold attacks.


Message History

You hear an angry hiss.
The killer bee completely misses you. The killer bee misses you.
Unknown command.
You closely miss the killer bee.
You feel sick. You block the killer bee's attack.
The killer bee closely misses you.
Unknown command.
You block the killer bee's attack. x2; The killer bee closely misses you.
The meliai hits you with a hand axe!
* * * LOW HITPOINT WARNING * * *
The meliai misses you.
Things that are here:
a killer bee corpse x2
Unknown command.
You feel a strong urge to attack something.
You are no longer berserk.
You are exhausted.
You feel yourself slow down.
The meliai invokes the aid of its god against you.
Something smites you!
You die...

'.## ##..## ...#
#.y## ####...###
##yy.. .#...%.P#
###l....
...>...####%.†y..#
#.........#.'.....
#.......[...#....#
#.........##.....#
#@yy....#. #......
##y†...## #......
#yyy##.# #P.....
##..# ..... #..#
.#. #### # # ###.#
#


You could see a meliai and 4 killer bees.

Vanquished Creatures
  Kirke (Lair:4)
  Josephine (Lair:4)
  5 hydras
  Harold (Lair:4)
  Erica (D:8)
  Urug (Lair:4)
  Pikel (D:4)
  The ghost of HaroldButt the Changer, a novice DrTm of Ru (D:5)
  A komodo dragon (Lair:1)
  4 spiny frogs
  A queen bee (Lair:4)
  A troll (D:5)
  2 meliai (Lair:4)
  Prince Ribbit (D:5)
  12 blink frogs
  5 hippogriffs
  Sigmund (D:2)
  A wyvern (Lair:3)
  2 hogs (Lair:4)
  12 yaks
  3 wraiths (Lair:4)
  A fire elemental (Lair:2)
  Eustachio (D:6)
  A steam dragon (Lair:3)
  Duvessa (D:4)
  7 porcupines
  3 water moccasins
  2 orc warriors
  A black bear (Lair:2)
  3 slaves
  2 ice beasts (D:8)
  5 sky beasts
  A phantom (D:6)
  15 wolves
  3 ogres
  5 centaurs
  9 crocodiles
  9 bullfrogs
  Dowan (D:4)
  34 killer bees
  A howler monkey (D:5)
  4 crimson imps
  4 hounds
  2 jellies
  A bullfrog zombie (D:7)
  2 orc priests (D:6)
  Jessica (D:2)
  Terence (D:2)
  7 orc wizards
  11 worker ants
  4 iguanas
  Ijyb (D:4)
  A killer bee zombie (D:8)
  A hound zombie (D:8)
  2 hound skeletons (D:5)
  Robin (D:4)
  13 adders
  4 oozes
  An adder skeleton (D:8)
  An adder zombie (D:5)
  5 worms
  2 dart slugs (D:1)
  6 leopard geckos
  30 orcs
  5 giant cockroaches
  18 goblins
  7 hobgoblins
  16 jackals
  9 kobolds
  A quokka (D:6)
  A ball python (D:3)
  2 bats
  5 frilled lizards
  A jackal skeleton (D:8)
  A quokka skeleton (D:4)
  12 rats
  2 plants
348 creatures vanquished.

Vanquished Creatures (others)
  A human (Lair:4)
  9 fungi
  7 plants
17 creatures vanquished.

Grand Total: 365 creatures vanquished

Notes
Turn   | Place    | Note
-------+----------+-------------------------------------------
     0 | D:1      | kidcy the Draconian Gladiator began the quest for the Orb.
     0 | D:1      | Reached XP level 1. HP: 17/17 MP: 1/1
   151 | D:1      | Reached XP level 2. HP: 5/25 MP: 2/2
   646 | D:1      | Reached XP level 3. HP: 26/30 MP: 3/3
  1513 | D:2      | Noticed Sigmund
  1922 | D:3      | Reached skill level 4 in Long Blades
  2127 | D:3      | Reached XP level 4. HP: 34/38 MP: 4/4
  2732 | D:4      | Noticed an ogre
  2833 | D:4      | Noticed a slave
  2835 | D:4      | Noticed a slave
  2836 | D:4      | Noticed Robin
  2837 | D:4      | Noticed Dowan
  2837 | D:4      | Noticed a slave
  2837 | D:4      | Noticed Pikel
  2838 | D:4      | Noticed a slave
  3028 | D:4      | Found a blossoming altar of Fedhas.
  3071 | D:4      | Noticed Ijyb
  3084 | D:4      | Killed Ijyb
  3229 | D:4      | Killed an ogre
  3229 | D:4      | Reached XP level 5. HP: 19/46 MP: 5/5
  3319 | D:4      | Reached skill level 5 in Long Blades
  3388 | D:4      | Noticed Duvessa
  3669 | D:3      | Killed a slave
  3680 | D:3      | Killed a slave
  3870 | D:4      | Killed a slave
  3939 | D:4      | Killed Pikel
  3939 | D:4      | Reached skill level 6 in Long Blades
  3939 | D:4      | Reached XP level 6. HP: 38/55 MP: 6/6
  3939 | D:4      | Your scales start taking on a fiery red colour.
  3939 | D:4      | Reached XP level 7. HP: 41/60 MP: 7/7
  3939 | D:4      | Gained mutation: Your flesh is heat resistant. (rF+) [Red Draconian growth]
  4135 | D:4      | Killed Robin
  4163 | D:4      | Reached skill level 5 in Fighting
  4376 | D:4      | Killed Duvessa
  4403 | D:4      | Killed Dowan
  4818 | D:2      | Killed Sigmund
  4818 | D:2      | Reached skill level 7 in Long Blades
  4818 | D:2      | Reached skill level 5 in Dodging
  4818 | D:2      | Reached XP level 8. HP: 69/69 MP: 8/8
  5232 | D:2      | Noticed Terence
  5237 | D:2      | Killed Terence
  5245 | D:2      | Noticed Jessica
  5248 | D:2      | Killed Jessica
  5462 | D:5      | Entered Level 5 of the Dungeon
  5539 | D:5      | Found a sacrificial altar of Ru.
  5555 | D:5      | Reached skill level 1 in Shields
  5796 | D:5      | Reached skill level 8 in Long Blades
  6285 | D:5      | Found a white marble altar of Elyvilon.
  6286 | D:5      | Found an ornate altar of the Wu Jian Council.
  6286 | D:5      | Found a basalt altar of Yredelemnul.
  6287 | D:5      | Found a deep blue altar of Sif Muna.
  6393 | D:5      | Noticed HaroldButt's ghost (novice DrTm)
  6410 | D:5      | Killed HaroldButt's ghost
  6410 | D:5      | Reached XP level 9. HP: 58/78 MP: 9/9
  6630 | D:5      | Noticed Prince Ribbit
  6640 | D:5      | Killed Prince Ribbit
  6977 | D:6      | Noticed a troll
  7062 | D:6      | Reached skill level 9 in Long Blades
  7166 | D:6      | Noticed Eustachio
  7188 | D:6      | Killed Eustachio
  7266 | D:5      | Killed a troll
  7435 | D:6      | Reached skill level 5 in Shields
  7729 | D:6      | Found a shattered altar of Ashenzari.
  7729 | D:6      | Found a stormy altar of Qazlal.
  8276 | D:7      | Found a staircase to the Ecumenical Temple.
  8285 | Temple   | Entered the Ecumenical Temple
  8331 | Temple   | Became a worshipper of the Shining One
  8405 | D:7      | Reached XP level 10. HP: 86/86 MP: 10/10
  8782 | D:8      | Noticed Erica
  8783 | D:8      | Noticed a red ugly thing
  9255 | D:8      | Reached skill level 10 in Long Blades
  9301 | D:8      | Killed Erica
  9699 | D:8      | Found a staircase to the Lair.
  9699 | D:8      | Noticed an elephant
  9699 | D:8      | Noticed a death yak
 10042 | Lair:1   | Entered Level 1 of the Lair of Beasts
 10300 | Lair:1   | Noticed an eight-headed hydra
 10315 | Lair:1   | Killed a three-headed hydra
 10756 | Lair:1   | Reached skill level 11 in Long Blades
 11514 | Lair:2   | Reached XP level 11. HP: 84/95 MP: 11/11
 11550 | Lair:2   | Reached * piety under the Shining One
 11561 | Lair:2   | Noticed a seven-headed hydra
 11573 | Lair:2   | Killed a one-headed hydra
 12192 | Lair:2   | Noticed an eight-headed hydra
 12219 | Lair:2   | Killed a one-headed hydra
 12480 | Lair:2   | Noticed a five-headed hydra
 12488 | Lair:2   | Killed a one-headed hydra
 13228 | Lair:3   | Reached skill level 12 in Long Blades
 13260 | Lair:3   | Noticed a seven-headed hydra
 13355 | Lair:3   | Killed a one-headed hydra
 13448 | Lair:3   | Found a staircase to the Shoals.
 13459 | Lair:3   | Reached XP level 12. HP: 61/106 MP: 12/12
 13646 | Shoals:1 | Entered Level 1 of the Shoals
 13665 | Shoals:1 | Noticed a merfolk impaler
 13951 | Lair:3   | Reached skill level 10 in Shields
 15092 | Lair:4   | Reached ** piety under the Shining One
 15095 | Lair:4   | Noticed Josephine
 15113 | Lair:4   | Killed Josephine
 15113 | Lair:4   | Reached skill level 10 in Fighting
 15316 | Lair:4   | Noticed Urug
 15339 | Lair:4   | Killed Urug
 15518 | Lair:4   | Noticed Harold
 15828 | Lair:4   | Found a hole to the Spider Nest.
 15879 | Lair:4   | Noticed Kirke
 15912 | Lair:4   | Killed Kirke
 15912 | Lair:4   | Reached skill level 13 in Long Blades
 16117 | Lair:4   | Killed Harold
 16659 | Lair:4   | Reached skill level 1 in Invocations
 16677 | Lair:4   | HP: 5/160 [meliai/hand axe (15)]
 16678 | Lair:4   | Killed from afar by a meliai

Vault maps used:
D:1:      elethiomel_arrival_maze, serial_forest, infiniplex_forest_lined_2,
          infiniplex_forest_lined_4_way, infiniplex_forest_clump_small,
          infiniplex_forest_end_2, infiniplex_forest_clump_small,
          infiniplex_forest_clump_C, infiniplex_forest_end_1
D:2:      uniq_sigmund, uniq_terence, uniq_jessica
D:3:      first_ration, lexackson_kobold_supper
D:4:      serial_column_ruins, column_ruins_columns_corner,
          column_ruins_corridor_T, column_ruins_grid_1,
          kennysheep_pointless_box, fedhas_altar_4, uniq_duvessa, uniq_robin,
          uniq_ijyb, uniq_pikel
D:5:      chequers_temple_overflow_statue_of_worship, grunt_ministairs_2,
          nicolae_ru_sacrificial_ziggurat, uniq_prince_ribbit1
D:6:      gammafunk_temple_overflow_wave, grunt_decor_resistance, uniq_eustachio
D:7:      minmay_temple_entry_poolview
D:8:      david_lair_generic, uniq_erica
Temple:   eino_wide_crystal_templ
Lair:1:   serial_forest, infiniplex_forest_clump_diagonal,
          infiniplex_forest_clump_long, infiniplex_forest_join,
          infiniplex_forest_clump_diagonal, infiniplex_forest_split,
          grunt_megastairs_4
Lair:2:   beast_lair_carwin_large_3, grunt_megastairs_5
Lair:3:   regret_index_harrowing_hell_hive, minmay_shoals_entry_centaurs,
          beast_lair_carwin_2, minmay_lair_oklob_chamber
Lair:4:   nicolae_spider_entry_non_spiders, special_room, uniq_urug, uniq_kirke,
          uniq_harold, uniq_josephine

Skill      XL: |  1  2  3  4  5  6  7  8  9 10 11 12 |
---------------+-------------------------------------+-----
Dodging        | 3 4 5 6 7 8 9 |  9.1
Fighting       | 3 4 5 6 7 8 9 10 | 10.5
Long Blades    | 4 6 7 8 9 11 12 13 | 13.3
Shields        | 3 5 7 9 11 | 11.2
Invocations    | 1 |  1.1
Throwing       | |  1.7

Action                   |  1- 3 |  4- 6 |  7- 9 | 10-12 || total
-------------------------+-------+-------+-------+-------++-------
Melee: Long sword        |    88 |   112 |   336 |    81 ||   617
       Tailslap          |     8 |    17 |    50 |    87 ||   162
       Scimitar          |       |       |       |   493 ||   493
       Unarmed           |       |       |       |    18 ||    18
 Abil: Breathe Fire      |       |       |    10 |     3 ||    13
Evoke: Wand              |       |     7 |    10 |    13 ||    30
  Use: Scroll            |     5 |    10 |     6 |     5 ||    26
       Potion            |       |       |     2 |    13 ||    15
 Stab: Sleeping          |     1 |       |     2 |       ||     3
  Eat: Chunk             |     2 |     4 |     9 |    14 ||    29
       Ration            |     1 |       |     2 |     4 ||     7
Armor: Skin              |    28 |    41 |   107 |   135 ||   311
Dodge: Dodged            |    70 |    76 |   238 |   423 ||   807
Block: Buckler           |       |       |     4 |   168 ||   172
       Rpst.: Long sword |    19 |    17 |    61 |    10 ||   107
       Scimitar          |       |       |       |    96 ||    96

Table legend:
 A = Spawn XP
 B = Non-spawn XP
 C = Spawn XP percentage of total XP
 D = Spawn monster count
 E = Non-spawn monster count
 F = Spawn count percentage of total count
 G = Total turns spent on level
                    A         B        C        D         E        F      G
               +---------+---------+-------+---------+---------+-------+---------
         Total |       0 |   36067 |   0.0 |       0 |     343 |   0.0 | 16678
               +---------+---------+-------+---------+---------+-------+---------
           D:1 |       0 |      59 |   0.0 |       0 |      24 |   0.0 |  1496
           D:2 |       0 |     495 |   0.0 |       0 |      24 |   0.0 |   772
           D:3 |       0 |      66 |   0.0 |       0 |      23 |   0.0 |  1473
           D:4 |       0 |    1120 |   0.0 |       0 |      26 |   0.0 |  1721
           D:5 |       0 |    1875 |   0.0 |       0 |      22 |   0.0 |  1745
           D:6 |       0 |    1014 |   0.0 |       0 |      33 |   0.0 |   709
           D:7 |       0 |    1044 |   0.0 |       0 |      30 |   0.0 |  1058
           D:8 |       0 |    1954 |   0.0 |       0 |      22 |   0.0 |  1006
        Lair:1 |       0 |    3270 |   0.0 |       0 |      15 |   0.0 |  1451
        Lair:2 |       0 |    7176 |   0.0 |       0 |      29 |   0.0 |  1350
        Lair:3 |       0 |    7814 |   0.0 |       0 |      52 |   0.0 |  2408
        Lair:4 |       0 |   10180 |   0.0 |       0 |      43 |   0.0 |  1393
               +---------+---------+-------+---------+---------+-------+---------
